 Dungeon Crawl Stone Soup version 0.22.1-6-g1668fe2c40 (webtiles) character file.

63 Riddle the Ducker (level 3, -2/16 HPs)
             Began as a Felid Transmuter on Jan 16, 2019.
             Killed from afar by an orc wizard (9 damage)
             ... with a magic dart
             ... on level 3 of the Dungeon.
             The game lasted 00:09:46 (3691 turns).

Riddle the Ducker (Felid Transmuter)                Turns: 3691, Time: 00:09:47

Health: -2/16      AC:  1    Str:  6    XL:     3   Next: 87%
Magic:  7/7        EV: 19    Int: 14    God:
Gold:   102        SH:  0    Dex: 17    Spells: 6/7 levels left
                                        Lives:  0   Deaths: 0

rFire    . . .     SeeInvis +     - Unarmed
rCold    . . .     Gourm    .   (shield unavailable)
rNeg     . . .     Faith    .   (armour unavailable)
rPois    .         Spirit   .   (helmet unavailable)
rElec    .         Reflect  .   (cloak unavailable)
rCorr    .         Harm     .   (gloves unavailable)
MR       .....                  (boots unavailable)
Stlth    ++........             (no amulet)
HPRegen  0.05/turn              (no ring)
MPRegen  0.10/turn              (no ring)

@: slowed, slow
A: very small, no armour, no weapons or thrown items, stealth, claws 1, fangs 3,
see invisible, carnivore, speed 1, shaggy fur 1, slow metabolism 1, sharp paws
a: no special abilities


You were on level 3 of the Dungeon.
You were completely stuffed.

You visited 1 branch of the dungeon, and saw 3 of its levels.

You collected 102 gold pieces.

Inventory:

Missiles
 a - 26 arrows
Scrolls
 b - 2 scrolls of identify {unknown}
 d - a scroll of random uselessness {unknown}
 e - 2 scrolls of teleportation {unknown}
 j - 3 scrolls of noise {unknown}
Potions
 g - a potion of mutation {unknown}
 h - a potion of experience {unknown}
 i - a potion of curing {unknown}
 k - a potion of haste {unknown}
Comestibles
 c - 6 rations


   Skills:
 + Level 1.9 Fighting
 + Level 3.4 Dodging
 + Level 3.3 Unarmed Combat
 + Level 2.5 Spellcasting
 + Level 2.9 Transmutations


You had 6 spell levels left.
You knew the following spells:

 Your Spells              Type           Power        Failure   Level  Hunger
a - Beastly Appendage     Tmut           #.....       7%          1    #......

Your spell library contained the following spells:

 Spells                   Type           Power        Failure   Level  Hunger
 Sticks to Snakes         Tmut           #.......     11%         2    ###....
 Spider Form              Tmut/Pois      #.........   36%         3    ###....
 Ice Form                 Ice/Tmut       #.......     77%         4    #####..
 Blade Hands              Tmut           #.........   88%         5    ######.


Dungeon Overview and Level Annotations

Branches:
Dungeon (3/15)

Altars:
The Shining One

Annotations:
D:2 exclusions: adder, 2 doors and 2 jackals


Innate Abilities, Weirdness & Mutations

You cannot wear armour.
You are incapable of wielding weapons or throwing items.
Your paws allow you to move quietly. (Stealth)
You have sharp claws.
You have razor-sharp teeth.
You have supernaturally acute eyesight. (SInv)
You are carnivorous and can eat meat at any time.
You cover ground quickly.
You are covered in fur. (AC +1)
You have a slow metabolism.
Your sharp claws are effective at attacking unaware monsters.


Message History

Your horns disappear.
a - 26 arrows (gained 14)
There is a stone staircase leading up here.
You see here a whip.
You see here a leather armour.
Found a scroll labeled YFEIQU OTTEDIS.
An orc comes into view. It is wielding a whip.
Found a stone staircase leading down.
An orc wizard comes into view. It is wielding a dagger.
The orc shouts!
The orc wizard shouts!
You hear a shout! x2
An orc comes into view. It is wielding a trident.
The orc wizard gestures at you while chanting.
You feel yourself slow down.
The orc wizard points at you and mumbles some strange words.
The magic dart hits you!
Ouch! That really hurt!
The orc wizard casts a spell at you. The magic dart hits you!
Ouch! That really hurt!
You die...

#.................
#............##..#
#...#.......## <
##.###.....##
#.#.)<...## #
###...###### #.
#...[#######.
###..#...###...... .
.........@o..# ...
.###........####.....
.................>...
.####................
.................###
........?####...##
...#...#.. o.##
#..#..###.. ..#
##.... .. .o.


You could see an orc wizard and an orc.

Vanquished Creatures
  3 dart slugs
  3 leopard geckos
  3 orcs
  3 bats
  2 giant cockroaches (D:2)
  3 hobgoblins
  3 jackals (D:2)
  8 kobolds
  5 frilled lizards
  7 goblins
  7 rats
47 creatures vanquished.

Notes
Turn   | Place    | Note
-------+----------+-------------------------------------------
     0 | D:1      | Riddle the Felid Transmuter began the quest for the Orb.
     0 | D:1      | Reached XP level 1. HP: 9/9 MP: 4/4
   325 | D:1      | Reached XP level 2. HP: 12/12 MP: 4/6
  1529 | D:2      | Found a glowing golden altar of the Shining One.
  1672 | D:2      | Reached XP level 3. HP: 15/15 MP: 5/7
  2363 | D:2      | Found a faded altar of an unknown god.
  3691 | D:3      | Killed from afar by an orc wizard

Skill      XL: |  1  2 |
---------------+-------+-----
Dodging        | 3 |  3.4
Fighting       | |  1.9
Unarmed Combat | |  3.3
Spellcasting   | |  2.5
Transmutations | |  2.9

Action                   || total
-------------------------++-------
Melee: Unarmed           ||   153
       Headbutt          ||    22
       Bite              ||    14
       Punch             ||     1
 Cast: Beastly Appendage ||    35
 Stab: Sleeping          ||     4
  Eat: Chunk             ||    13
Armor: Skin              ||     8
Dodge: Dodged            ||   114
